 Dungeon Crawl Stone Soup version 0.21.1-1-g345015f (webtiles) character file.

403 buskinjo2 the Magician (level 6, -3/47 HPs)
             Began as a Gnoll Wanderer on Feb 28, 2018.
             Slain by an orc wizard
             ... wielding a +1 dagger of venom
              (5 damage)
             ... on level 3 of the Dungeon.
             The game lasted 00:08:30 (3647 turns).

buskinjo2 the Magician (Gnoll Wanderer)             Turns: 3647, Time: 00:08:30

Health: -3/47      AC:  3    Str: 15    XL:     6   Next: 86%
Magic:  14/14      EV: 14    Int: 18    God:
Gold:   155        SH:  0    Dex: 12    Spells: 7/15 levels left

rFire    . . .     SeeInvis .   a - +2 whip (venom)
rCold    . . .     Gourm    .   (no shield)
rNeg     . . .     Faith    .   g - +0 leather armour
rPois    .         Spirit   .   h - +0 hat
rElec    .         Reflect  .   (no cloak)
rCorr    .         Harm     .   (no gloves)
MR       .....                  (no boots)
Stlth    +.........             (no amulet)
HPRegen  0.15/turn              (no ring)
MPRegen  0.14/turn              (no ring)

@: confused
A: distributed training, fangs 1, strong nose
a: no special abilities


You were on level 3 of the Dungeon.
You were hungry.

You visited 1 branch of the dungeon, and saw 3 of its levels.

You collected 155 gold pieces.

Inventory:

Hand Weapons
 a - a +2 whip of venom (weapon)
 b - a +2 blowgun
Missiles
 i - 78 stones (quivered)
Armour
 g - a +0 leather armour (worn)
 h - a +0 hat (worn)
 k - a +0 ring mail
 q - a cursed -2 buckler
Scrolls
 e - a scroll of blinking {unknown}
 l - a scroll of fear {unknown}
 m - 2 scrolls of identify {unknown}
 o - a scroll of random uselessness {unknown}
Potions
 j - a potion of resistance {unknown}
 n - a potion of degeneration {unknown}
Books
 c - the Reference Book on Envenoming

   Spells                             Type                      Level
   a - Sting                          Conjuration/Poison           1
   b - Mephitic Cloud                 Conjuration/Poison/Air       3
 d - the Handbook of the Mountains

   Spells                             Type                      Level
   a - Sandblast                      Earth                        1
   b - Stone Arrow                    Conjuration/Earth            3
Comestibles
 f - 6 rations


   Skills:
 + Level 3.3 Fighting
 + Level 2.1 Short Blades
 + Level 2.1 Long Blades
 + Level 2.1 Axes
 + Level 2.1 Maces & Flails
 + Level 2.1 Polearms
 + Level 2.1 Staves
 + Level 2.1 Slings
 + Level 2.1 Bows
 + Level 2.1 Crossbows
 + Level 3.3 Throwing
 + Level 2.1 Armour
 + Level 5.0 Dodging
 + Level 2.1 Stealth
 + Level 3.3 Shields
 + Level 2.1 Unarmed Combat
 + Level 5.4 Spellcasting
 + Level 1.6 Conjurations
 + Level 1.6 Hexes
 + Level 2.7 Charms
 + Level 1.6 Summonings
 + Level 1.6 Necromancy
 + Level 1.6 Translocations
 + Level 1.6 Transmutations
 + Level 1.6 Fire Magic
 + Level 1.6 Ice Magic
 + Level 1.6 Air Magic
 + Level 4.1 Earth Magic
 + Level 1.6 Poison Magic
 + Level 2.3 Invocations
 + Level 2.1 Evocations


You had 7 spell levels left.
You knew the following spells:

 Your Spells              Type           Power        Failure   Level  Hunger
a - Sting                 Conj/Pois      ##..         8%          1    None
b - Sandblast             Erth           ###...       2%          1    None
c - Stone Arrow           Conj/Erth      ###...       14%         3    ##.....
d - Mephitic Cloud        Conj/Pois/Air  ##......     24%         3    ##.....


Dungeon Overview and Level Annotations

Branches:
Dungeon (3/15)

Altars:
Dithmenos

Annotations:
D:3 cada's ghost, amateur TrHu


Innate Abilities, Weirdness & Mutations

Your experience applies equally to all skills.
You have very sharp teeth.
Your uncanny sense of smell can sniff out nearby items.


Message History

You kill the orc!
You hit the orc.
The orc is poisoned.
The orc is severely wounded.
The orc hits you but does no damage.
You hit the orc but do no damage.
The orc looks as sick as possible!
The orc is severely wounded.
The orc closely misses you.
You kill the orc!
You hear some strange, mumbled words.
A puff of flame appears from out of thin air!
The puff of flame hits you!
* * * LOW HITPOINT WARNING * * *
A puff of flame appears from out of thin air!
The puff of flame hits you!
* * * LOW HITPOINT WARNING * * *
You are confused.
You bump into the rock wall.
You bump into the rock wall.
Something hits you.
You die...

#.........#######. ..
##############W## .
#......# #)# #......#
#o##### #.....(#
#)#...### #......#
#.W.....# #......#####
###o#.#.# ...........#
#{#.#.# .......###.#
#@#.#.# .......# #.#
#.#.#.# ....#### #.#
#.#.#.# ....# #.#
#.#.#.#
....######.#####.#...#
....#........#...#####
....#........#.###
.####........#.# .#
#........#.#


You could see cada's ghost and an orc.

Vanquished Creatures
  Sigmund (D:2)
  Crazy Yiuf (D:2)
  Natasha (thrice) (D:2)
  3 gnolls (D:2)
  4 adders
  An adder zombie (D:2)
  A worm (D:2)
  A dart slug (D:2)
  2 leopard geckos
  3 orcs (D:3)
  8 bats
  A bat skeleton (D:2)
  A giant cockroach (D:2)
  4 goblins
  2 hobgoblins (D:1)
  11 jackals
  2 quokkas (D:2)
  2 frilled lizards (D:2)
  5 kobolds
  2 rats (D:1)
58 creatures vanquished.

Notes
Turn   | Place    | Note
-------+----------+-------------------------------------------
     0 | D:1      | buskinjo2 the Gnoll Wanderer began the quest for the Orb.
     0 | D:1      | buskinjo2 set off with: a curare-tipped needle, a +2 blowgun, the Reference Book on Envenoming, the Handbook of the Mountains, a +0 robe, a ration
     0 | D:1      | Reached XP level 1. HP: 17/17 MP: 6/6
     0 | D:1      | Identified the Reference Book on Envenoming
     0 | D:1      | Identified the Handbook of the Mountains
     2 | D:1      | Learned a level 1 spell: Sting
     4 | D:1      | Learned a level 1 spell: Sandblast
   396 | D:1      | Reached XP level 2. HP: 22/23 MP: 7/7
  1386 | D:2      | Noticed Natasha
  1390 | D:2      | Noticed a crimson imp
  1396 | D:2      | Killed Natasha
  1396 | D:2      | Reached skill level 5 in Spellcasting
  1396 | D:2      | Reached skill level 1 in Invocations
  1396 | D:2      | Reached XP level 3. HP: 13/28 MP: 7/9
  1562 | D:2      | Noticed Natasha
  1570 | D:2      | Killed Natasha
  1570 | D:2      | Reached skill level 1 in Short Blades
  1570 | D:2      | Reached skill level 1 in Long Blades
  1570 | D:2      | Reached skill level 1 in Axes
  1570 | D:2      | Reached skill level 1 in Maces & Flails
  1570 | D:2      | Reached skill level 1 in Polearms
  1570 | D:2      | Reached skill level 1 in Staves
  1570 | D:2      | Reached skill level 1 in Slings
  1570 | D:2      | Reached skill level 1 in Bows
  1570 | D:2      | Reached skill level 1 in Crossbows
  1570 | D:2      | Reached skill level 1 in Armour
  1570 | D:2      | Reached skill level 1 in Stealth
  1570 | D:2      | Reached skill level 1 in Unarmed Combat
  1570 | D:2      | Reached skill level 1 in Evocations
  1570 | D:2      | Reached XP level 4. HP: 23/34 MP: 11/11
  1601 | D:2      | Noticed Natasha
  1608 | D:2      | Killed Natasha
  1608 | D:2      | Reached skill level 1 in Conjurations
  1608 | D:2      | Reached skill level 1 in Hexes
  1608 | D:2      | Reached skill level 1 in Summonings
  1608 | D:2      | Reached skill level 1 in Necromancy
  1608 | D:2      | Reached skill level 1 in Translocations
  1608 | D:2      | Reached skill level 1 in Transmutations
  1608 | D:2      | Reached skill level 1 in Fire Magic
  1608 | D:2      | Reached skill level 1 in Ice Magic
  1608 | D:2      | Reached skill level 1 in Air Magic
  1608 | D:2      | Reached skill level 1 in Poison Magic
  1916 | D:2      | Found a shadowy altar of Dithmenos.
  1953 | D:2      | Reached XP level 5. HP: 33/40 MP: 12/12
  2236 | D:2      | Noticed Sigmund
  2253 | D:2      | Killed Sigmund
  2253 | D:2      | Reached XP level 6. HP: 9/47 MP: 14/14
  2539 | D:2      | Reached skill level 5 in Dodging
  2623 | D:2      | Learned a level 3 spell: Stone Arrow
  2627 | D:2      | Learned a level 3 spell: Mephitic Cloud
  2637 | D:2      | Found a runed door.
  3062 | D:2      | Found a faded altar of an unknown god.
  3156 | D:2      | Noticed Crazy Yiuf
  3166 | D:2      | Killed Crazy Yiuf
  3627 | D:3      | Noticed cada's ghost (amateur TrHu)
  3643 | D:3      | HP: 2/47 [something/puff of flame (11)]
  3647 | D:3      | Slain by an orc wizard

Skill      XL: |  1  2  3  4  5  6 |
---------------+-------------------+-----
Charms         | 2 |  2.7
Spellcasting   | 5 |  5.4
Invocations    | 1 2 |  2.3
Short Blades   | 1 2 |  2.1
Long Blades    | 1 2 |  2.1
Axes           | 1 2 |  2.1
Maces & Flails | 1 2 |  2.1
Polearms       | 1 2 |  2.1
Staves         | 1 2 |  2.1
Slings         | 1 2 |  2.1
Bows           | 1 2 |  2.1
Crossbows      | 1 2 |  2.1
Armour         | 1 2 |  2.1
Stealth        | 1 2 |  2.1
Unarmed Combat | 1 2 |  2.1
Evocations     | 1 2 |  2.1
Conjurations   | 1 |  1.6
Hexes          | 1 |  1.6
Summonings     | 1 |  1.6
Necromancy     | 1 |  1.6
Translocations | 1 |  1.6
Transmutations | 1 |  1.6
Fire Magic     | 1 |  1.6
Ice Magic      | 1 |  1.6
Air Magic      | 1 |  1.6
Poison Magic   | 1 |  1.6
Fighting       | 3 |  3.3
Throwing       | 3 |  3.3
Shields        | 3 |  3.3
Earth Magic    | 4 |  4.1
Dodging        | 5 |  5.0

Action                   |  1- 3 |  4- 6 || total
-------------------------+-------+-------++-------
Melee: Whip              |    48 |   128 ||   176
       Bite              |     3 |     8 ||    11
       Punch             |       |     1 ||     1
 Fire: Blowgun           |     1 |     1 ||     2
 Cast: Sting             |     3 |     1 ||     4
       Sandblast         |       |     4 ||     4
  Use: Potion            |       |     1 ||     1
 Stab: Sleeping          |     3 |     3 ||     6
  Eat: Chunk             |     2 |     6 ||     8
Armor: Robe              |    10 |     7 ||    17
       Leather armour    |       |    13 ||    13
Dodge: Dodged            |    43 |    93 ||   136
